 Dungeon Crawl Stone Soup version 0.29-a0-813-g4a14ea37d6 (webtiles) character file.

Game seed: 7825171037056643540

28 gobodom the Grave Robber (level 3, 0/24 HPs)
             Began as a Mummy Necromancer on July 4, 2022.
             Slain by Sigmund
             ... wielding a +0 scythe
              (2 damage)
             ... on level 2 of the Dungeon.
             The game lasted 00:05:53 (1284 turns).

gobodom the Grave Robber (Mummy Necromancer)        Turns: 1284, Time: 00:05:53

Health: 0/24       AC:  2    Str: 13    XL:     3   Next: 0%
Magic:  6/7        EV: 12    Int: 14    God:
Gold:   40         SH:  0    Dex: 12    Spells: 7/8 levels left

rFire   x . .      SeeInvis .   e - +1 short sword (speed)
rCold   + . .      Faith    .   (no shield)
rNeg    + + +      Spirit   .   a - +0 robe
rPois   ∞          Reflect  .   (no helmet)
rElec   .          Harm     .   (no cloak)
rCorr   .          Rampage  .   (no gloves)
Will    .....                   (no boots)
Stlth   ++........              (no amulet)
HPRegen 0.08/turn               (no ring)
MPRegen 0.10/turn               (no ring)

@: no status effects
A: cold resistance 1, negative energy resistance 3, torment resistance 2, heat
vulnerability 1, in touch with death 1, no potions
a: no special abilities


You were on level 2 of the Dungeon.
You visited 1 branch of the dungeon, and saw 2 of its levels.

You collected 40 gold pieces.

Inventory:

Hand Weapons
 e - a +1 short sword of speed (weapon)
Armour
 a - a +0 robe (worn)
Scrolls
 c - a scroll of teleportation {unknown}
 d - 2 scrolls of magic mapping {unknown}


   Skills:
 + Level 1.5 Dodging
 + Level 1.6 Stealth
 + Level 3.3 Spellcasting
 + Level 4.6 Necromancy


You had 7 spell levels left.
You knew the following spells:

 Your Spells              Type           Power      Damage    Failure   Level
a - Necrotise             Necr           92%        1d8       3%          1

Your spell library contained the following spells:

 Spells                   Type           Power      Damage    Failure   Level
 Vampiric Draining        Necr           23%        2d7       10%         3
 Animate Dead             Necr           23%        N/A       30%         4
 Agony                    Necr           23%        N/A       65%         5
 Petrify                  Tmut/Erth      2%         N/A       90%         4
 Irradiate                Conj/Tmut      1%         3d13      99%         5
 Sublimation of Blood     Necr           Unusable   N/A       N/A         2

Dungeon Overview and Level Annotations

Branches:
Dungeon (2/15)

Altars:

Annotations:
D:2 Sigmund


Innate Abilities, Weirdness & Mutations

You are immune to poison.
Your flesh is cold resistant. (rC+)
You are immune to negative energy. (rN+++)
You are immune to unholy pain and torment.
You are vulnerable to heat. (rF-)
You are in touch with the powers of death.
You do not drink.


Message History

The frilled lizard barely misses your bat skeleton.
Something hits you.
Your bat skeleton barely misses the frilled lizard.
You hit something.
Your bat skeleton hits the frilled lizard.
The frilled lizard dies!
The frilled lizard barely misses you.
You have reached level 3!
Your experience leads to an increase in your attributes!
Increase (S)trength, (I)ntelligence, or (D)exterity?
You feel stronger. x2
You feel more in touch with the powers of death.
You're too confused to cast spells.
You are too confused!
You completely miss something.
The frilled lizard completely misses you.
Something hits you.
* * * LOW HITPOINT WARNING * * *
The frilled lizard closely misses you.
Are you sure you want to stumble around while confused and next to your bat skeleton? [Y]es or [N]o only, please.
Are you sure you want to stumble around while confused and next to your bat skeleton? [Y]es or [N]o only, please.
Are you sure you want to stumble around while confused and next to your bat skeleton?
Okay, then.
You are too confused!
Are you sure you want to stumble around while confused and next to your bat skeleton?
Your bat skeleton hits something but does no damage.
Your bat skeleton closely misses something. x2
Something hits you.
* * * LOW HITPOINT WARNING * * *
Are you sure you want to stumble around while confused and next to your rat skeleton?
You closely miss something.
Your bat skeleton closely misses something.
Your bat skeleton barely misses something.
Are you sure you want to stumble around while confused and next to your rat skeleton?
You feel less confused.
Your bat skeleton crumbles into dust!
Something hits you.
You die...

....####.#.##.#.#.
...............>..
......#.........#
................#
................#
#..†..........#
##....Zl......#
#....{.......#
#..........@.....#
#................#
#...............#
#...............#
#.............###
##.............#
#..............#####
+......<...........#
#..................#


You could see a frilled lizard and a friendly rat skeleton.

Vanquished Creatures
  A dart slug (D:1)
  4 endoplasms (D:1)
  A giant cockroach (D:1)
  3 hobgoblins (D:1)
  A quokka (D:1)
  3 bats
  2 frilled lizards (D:1)
  2 goblins (D:1)
  5 kobolds (D:1)
  3 rats
25 creatures vanquished.

Vanquished Creatures (collateral kills)
  2 frilled lizards
2 creatures vanquished.

Vanquished Creatures (others)
  A fungus (D:1)
1 creature vanquished.

Grand Total: 28 creatures vanquished

Notes
Turn   | Place    | Note
-------+----------+-------------------------------------------
     0 | D:1      | gobodom the Mummy Necromancer began the quest for the Orb.
     0 | D:1      | Reached XP level 1. HP: 13/13 MP: 4/4
   371 | D:1      | Reached XP level 2. HP: 19/19 MP: 3/5
   704 | D:1      | Found a faded altar of an unknown god.
  1256 | D:2      | Noticed Sigmund
  1280 | D:2      | Gained mutation: You are in touch with the powers of death.
                  | [Mummy growth]
  1280 | D:2      | Reached XP level 3. HP: 9/24 MP: 5/7
  1282 | D:2      | HP: 1/24 [something (2)]
  1284 | D:2      | Slain by Sigmund

Illustrated notes

Levels and vault maps discovered:
D:1:      heliophobic_arrival_ceremonial_halls, layout_loops_ring,
          shapermc_ecumenical_altar_ellora, kennysheep_crisscross
D:2:      layout_basic, uniq_terence, uniq_natasha, uniq_sigmund

Skill      XL: |  1  2 |
---------------+-------+-----
Spellcasting   | 3 |  3.3
Dodging        | |  1.5
Stealth        | |  1.6
Necromancy     | |  4.6

Action                   || total
-------------------------++-------
Melee: Unarmed           ||    18
       Short sword       ||     9
       Punch             ||     2
 Cast: Necrotise         ||    45
Armor: Robe              ||     5
Dodge: Dodged            ||    16

Table legend: (Time is in decaauts)
 A = Elapsed time spent in this place.
 B = Non-inter-level travel time spent in this place.
 C = Inter-level travel time spent in this place.
 D = Time resting spent in this place.
 E = Time spent auto-exploring this place.
 F = Levels seen in this place.
 G = Mean time per level.
                   A        B        C        D        E       F      G
               +--------+--------+--------+--------+--------+-----+--------+
         Total |   1281 |   1281 |      0 |     35 |   1046 |   2 |  640.5 |
       Dungeon |   1281 |   1281 |      0 |     35 |   1046 |   2 |  640.5 |
               +--------+--------+--------+--------+--------+-----+--------+

Top non-repeatable levels by time:
     D:1: 1253 daAuts
     D:2: 28 daAuts
